 Dungeon Crawl Stone Soup version 0.31-a0-995-g04711c9635 (webtiles) character file.

Game seed: 2133345196857388612

1116 BinkBink the Slasher (level 8, -4/50 HPs)
             Began as a Tengu Monk on Nov 6, 2023.
             Slain by an ogre
             ... wielding a +0 giant spiked club
              (34 damage)
             ... on level 5 of the Dungeon.
             The game lasted 00:08:23 (5087 turns).

BinkBink the Slasher (Tengu Monk)                   Turns: 5087, Time: 00:08:24

Health: -4/50      AC:  3    Str: 12    XL:     8   Next: 34%
Magic:  9/9        EV: 19    Int: 10    God:
Gold:   136        SH:  0    Dex: 19    Spells: 7/7 levels left

rFire   . . .        a - +0 falchion
rCold   . . .        d - orb {light}
rNeg    . . .        y - +0 troll leather armour {Pargi}
rPois   .            (helmet restricted)
rElec   .            (no cloak)
rCorr   .            (no gloves)
SInv    .            (boots unavailable)
Will    +....        (no amulet)
Stlth   +            h - ring "Zoomao" {+Blink Will+}
HPRegen 1.08/turn    (no ring)
MPRegen 0.11/turn

%: acrobat
@: flying, glowing
A: beak, talons 3, evasive flight, acrobatic
a: Evoke Blink


You were on level 5 of the Dungeon.
You visited 1 branch of the dungeon, and saw 5 of its levels.
You also visited: Sewer.

You collected 269 gold pieces.
You spent 133 gold pieces at shops.

Inventory:

Hand Weapons
 a - a +0 falchion (weapon)
Missiles
 E - a throwing net
Armour
 d - an orb of light (worn)
 m - a +3 scale mail of fire resistance
 q - the +0 robe of Impermeability {Str+2}
   (You found it on level 3 of the Dungeon)

   Str+2:     It affects your strength (+2).
 y - a +0 troll leather armour (worn) {Pargi}
Jewellery
 c - a +6 ring of intelligence
 e - a ring of magical power
 h - the ring "Zoomao" (left hand) {+Blink Will+}
   (You found it on level 1 of the Dungeon)

   [ring of willpower]

   Will+:     It increases your willpower.
   +Blink:    It lets you blink.
 n - a ring of ice
 z - a +6 ring of intelligence
 A - an amulet of magic regeneration
Talismans
 x - a beast talisman
Wands
 D - a wand of mindburst (8)
Scrolls
 b - a scroll of teleportation
 f - 2 scrolls of fog
 i - a scroll of enchant armour
 k - a scroll of fear {unknown}
 o - a scroll of butterflies {unknown}
 p - 2 scrolls of revelation {unknown}
 t - a scroll of enchant weapon {unknown}
 u - a scroll of acquirement {unknown}
 B - a scroll of vulnerability {unknown}
 C - 2 scrolls of identify
 G - a scroll of blinking {unknown}
Potions
 g - 4 potions of heal wounds
 j - a potion of curing {unknown}
 l - a potion of degeneration {unknown}
 r - a potion of magic {unknown}
 s - a potion of brilliance {unknown}
 v - a potion of mutation {unknown}
 w - a potion of might {unknown}
 F - a potion of attraction {unknown}


   Skills:
 + Level 5.6 Fighting
 + Level 6.2 Long Blades
 + Level 4.9 Armour
 + Level 6.2 Dodging


You had 7 spell levels left.
You didn't know any spells.
Your spell library contained the following spells:

 Spells                   Type           Power      Damage    Failure   Level
 Tukima's Dance           Hex            0%         N/A       82%         3
 Dimensional Bullseye     Hex/Tloc       0%         N/A       99%         4
 Iskenderun's Mystic Bla  Conj/Tloc      0%         2d3       99%         4
 Leda's Liquefaction      Hex/Erth       0%         N/A       99%         4
 Lee's Rapid Deconstruct  Erth           0%         3d4*      100%        5
 Bombard                  Conj/Erth      0%         9d1       100%        6


Dungeon Overview and Level Annotations

Branches:
Dungeon (5/15)              Sewer (visited)
 Temple: D:4-7

Altars:
Elyvilon
Vehumet

Shops:
D:4 !=![(


Innate Abilities, Weirdness & Mutations

You have a beak for a mouth.
You have claws for feet.
Your magical flight helps you evade attacks. (EV +4)
You can magically evade attacks while moving or waiting.


Message History

The hound barks!
You hit the hound but do no damage. You claw the hound.
The hound is heavily wounded.
The hound bites you. The hound bites you but does no damage.
You barely miss the hound. Your kick misses the hound.
The hound is heavily wounded.
The hound bites you.
You slash the hound! You claw the hound.
You kill the hound!
No target in view!
No target in view!
No target in view!
You see here a hound corpse.
You see here a hound corpse.
You see here a +0 ring mail.
Key pressed, stopping explore.
An ogre comes into view. It is wielding a +0 giant spiked club.
An ogre is nearby!
The ogre completely misses you.
You hit the ogre. You claw the ogre, but do no damage.
The ogre is moderately wounded.
The ogre misses you.
You hit the ogre. You claw the ogre.
The ogre is moderately wounded.
You barely miss the ogre.
The ogre is moderately wounded.
The ogre hits you with a +0 giant spiked club!!
You hit the ogre. Your kick misses the ogre. Your peck misses the ogre.
The ogre is severely wounded.
The ogre closely misses you.
You hit the ogre but do no damage. You claw the ogre, but do no damage.
The ogre is severely wounded.
You hit the ogre.
The ogre is almost dead.
The ogre completely misses you.
You hit the ogre. You peck the ogre, but do no damage.
The ogre is almost dead.
The ogre hits you with a +0 giant spiked club!!
Ouch! That really hurt!
You die...

.#####...## #..# ...##...##
#..# ....#...# #..#
....#..## #..# ....#..#
#..# ....#..# #..#
....#..## #..## ........#
##..## ........# #..@#
.......## ###.O....#
.......# ##....## ......##
##### ......# ..##### ### #
###### #######
####....##########..>..####


You could see an ogre.

Vanquished Creatures
  3 black bears
  Pargi (D:4)
  2 kobold brigands (Sewer)
  A phantom (D:5)
  A gnoll sergeant (D:5)
  A scorpion (D:5)
  2 hounds
  Ijyb (D:5)
  A sleepcap (D:5)
  2 orc wizards (D:3)
  6 adders
  5 gnolls (D:5)
  4 river rats (Sewer)
  3 worms
  2 dart slugs
  10 orcs (D:3)
  9 ball pythons
  6 bats
  3 endoplasms
  6 giant cockroaches
  8 goblins
  7 hobgoblins
  7 jackals
  5 quokkas
  5 frilled lizards
  7 kobolds
  4 rats
112 creatures vanquished.

Notes
Turn   | Place    | Note
-------+----------+-------------------------------------------
     0 | D:1      | BinkBink the Tengu Monk began the quest for the Orb.
     0 | D:1      | Reached XP level 1. HP: 14/14 MP: 2/2
   180 | D:1      | Reached XP level 2. HP: 19/19 MP: 3/3
   244 | D:1      | Found a faded altar of an unknown god.
   248 | D:1      | Identified the ring "Zoomao" {+Blink Will+}
   330 | D:1      | Reached skill level 1 in Armour
   709 | D:2      | Reached XP level 3. HP: 23/23 MP: 4/4
  1453 | D:3      | Identified the +0 robe of Impermeability {Str+2}
  1504 | D:3      | Reached XP level 4. HP: 28/28 MP: 5/5
  1614 | D:3      | Found a glowing drain.
  1641 | Sewer    | Entered a sewer
  1913 | Sewer    | Noticed a kobold brigand
  1919 | Sewer    | Killed a kobold brigand
  1920 | Sewer    | Reached XP level 5. HP: 14/33 MP: 6/6
  2033 | Sewer    | Noticed a kobold brigand
  2049 | Sewer    | Killed a kobold brigand
  2050 | Sewer    | Reached XP level 6. HP: 20/38 MP: 7/7
  3214 | D:4      | Found Wasishre's Antique Armour Emporium.
  3233 | D:4      | Bought a shiny scale mail for 133 gold pieces
  3245 | D:4      | Found Mooluh's Antique Weapon Boutique.
  3264 | D:4      | Noticed Pargi
  3284 | D:4      | Killed Pargi
  3285 | D:4      | Reached skill level 5 in Long Blades
  3285 | D:4      | Reached skill level 5 in Dodging
  3285 | D:4      | Gained mutation: Your magical flight helps you evade
                  | attacks. (EV +4) [Tengu growth]
  3285 | D:4      | Reached XP level 7. HP: 19/44 MP: 8/8
  3463 | D:4      | Found a radiant altar of Vehumet.
  3547 | D:4      | Found Xoowi's Distillery.
  3766 | D:4      | Found Viudig's Jewellery Shop.
  4028 | D:4      | Found Zohureel's Distillery.
  4067 | D:5      | Entered Level 5 of the Dungeon
  4168 | D:5      | Reached skill level 5 in Fighting
  4205 | D:5      | Identified the +8 flail of the End {protect, Str+2}
  4290 | D:5      | Found a white marble altar of Elyvilon.
  4344 | D:5      | Reached XP level 8. HP: 49/49 MP: 9/9
  4380 | D:5      | Noticed Ijyb
  4396 | D:5      | Killed Ijyb
  5087 | D:5      | Slain by an ogre

Illustrated notes

Levels and vault maps discovered:
D:1:      dpeg_arrival_arbitrary_a, layout_basic,
          hellmonk_ecumenical_altar_lost_god
D:2:      cheibrodos_old_hovel, layout_basic
D:3:      layout_loops_ring, gup_sewer_entry_pipe, bh_walls_and_bars
D:4:      black_bear_nest_2, layout_loops_ring, nicolae_overflow_crystal_walls,
          serial_shops, shop, shop, shop, nicolae_take_the_stairs,
          nicolae_square_shop, uniq_pargi
D:5:      layout_layer_cave, mainiacjoe_overflow_concentric_impassable,
          uniq_ijyb

Skill      XL: |  1  2  3  4  5  6  7  8 |
---------------+-------------------------+-----
Armour         | 1 2 3 4 |  4.9
Dodging        | 4 5 6 |  6.2
Long Blades    | 4 5 6 |  6.2
Fighting       | 4 5 |  5.6

Action                     |  1- 3 |  4- 6 |  7- 9 || total
---------------------------+-------+-------+-------++-------
  Melee: Falchion          |    60 |   156 |   113 ||   329
         Kick              |    19 |    51 |    46 ||   116
         Peck              |     8 |    33 |    35 ||    76
  Throw: Throwing net      |       |       |     1 ||     1
    Use: Potion            |     1 |     1 |       ||     2
         Scroll            |       |     3 |     1 ||     4
 Armour: Robe              |    21 |    71 |       ||    92
         Troll leather arm |       |       |    45 ||    45
  Dodge: Dodged            |    56 |   109 |   103 ||   268

Table legend: (Time is in decaauts)
 A = Elapsed time spent in this place.
 B = Non-inter-level travel time spent in this place.
 C = Inter-level travel time spent in this place.
 D = Time resting spent in this place.
 E = Time spent auto-exploring this place.
 F = Levels seen in this place.
 G = Mean time per level.
                   A        B        C        D        E       F      G
               +--------+--------+--------+--------+--------+-----+--------+
         Total |   5266 |   5176 |     90 |    332 |   3924 |   6 |  877.7 |
       Dungeon |   4206 |   4116 |     90 |     34 |   3403 |   5 |  841.2 |
         Sewer |   1060 |   1060 |      0 |    298 |    521 |   1 | 1060.0 |
               +--------+--------+--------+--------+--------+-----+--------+

Top non-repeatable levels by time:
   Sewer: 1060 daAuts
     D:5: 1020 daAuts
     D:3: 876 daAuts
     D:4: 858 daAuts
     D:2: 782 daAuts
     D:1: 668 daAuts
